[Event "Team 45 45 League T76"]
[Site "Internet Chess Club"]
[Date "2018.04.22"]
[Round "5"]
[White "nathanpillay"]
[Black "bradleyguo175"]
[Result "1/2-1/2"]
[WhiteElo "1723"]
[BlackElo "1804"]
[Opening "King's Indian: fianchetto, Uhlmann (Szabo) variation"]
[ECO "E62"]
[Time "09:32:38"]
[TimeControl "2700+45"]

1. d4 Nf6 2. c4 g6 3. g3 Bg7 4. Bg2 d6 5. Nc3 O-O 6. Nf3 Nc6 7. O-O e5 8. d5 Ne7
9. e4 Ne8 10. Ne1 f5 11. Nd3 Nf6 12. f4 fxe4 13. Nxe4 Nxe4 14. Bxe4 Bh3 15. Bg2
Bxg2 16. Kxg2 c6 17. Qb3 Qc7 18. Bd2 cxd5 19. cxd5 exf4 20. Nxf4 Qb6 21. Rae1
Qxb3 22. axb3 Rae8 23. Bb4 Be5 24. Rd1 Nf5 25. Bd2 Bxf4 26. Rxf4 Re2+ 27. Kg1
Rc8 28. Bc3 Ne3 29. Rd3 Re8 30. Rf2 Ng4 31. Rxe2 Rxe2 32. Rd2 {Game drawn by
mutual agreement} 1/2-1/2

[Event "Team 45 45 League T76"]
[Site "Internet Chess Club"]
[Date "2018.04.22"]
[Round "5"]
[White "filmdirector"]
[Black "Portola"]
[Result "1-0"]
[WhiteElo "1710"]
[BlackElo "1683"]
[Opening "French: exchange variation"]
[ECO "C01"]
[Time "19:08:18"]
[TimeControl "2700+45"]

1. e4 e6 2. d4 d5 3. exd5 exd5 4. Nf3 Nf6 5. Nc3 c6 6. Bd3 Be7 7. O-O O-O 8. Ne2
Bg4 9. Ng3 Nbd7 10. h3 Bh5 11. Nxh5 Nxh5 12. c3 Nhf6 13. Bc2 Re8 14. Re1 Qc7 15.
Qd3 Ne4 16. Nh2 Nf8 17. Ng4 Bd6 18. Qf3 h5 19. Ne3 Nf6 20. Bd2 Bf4 21. g3 Bxe3
22. Bxe3 Ne6 23. Qf5 Qd8 24. g4 g6 25. Qf3 hxg4 26. hxg4 Nh7 27. Kg2 Qf6 28. Qg3
Neg5 29. Bf4 Qg7 30. f3 Re6 31. Rxe6 Nxe6 32. Bd2 Nf6 33. Rh1 g5 34. Bf5 Re8 35.
Re1 Kf8 36. Qd6+ Kg8 37. Bxe6 fxe6 38. Rxe6 Rxe6 39. Qxe6+ Kh8 40. Qe5 Nh7 41.
Qb8+ Qg8 42. Qxb7 Qe8 43. Kf2 a5 44. Qc7 Kg8 45. Qe5 Qg6 46. Qb8+ Kg7 47. Qc7+
Kg8 48. Ke2 Qe8+ 49. Qe5 Qg6 50. c4 dxc4 51. Bc3 Qd3+ 52. Kf2 Qc2+ 53. Kg3 Qd1
54. Qe6+ Kf8 55. Qf5+ Kg8 56. Kf2 Qh1 57. Qe5 Qh4+ 58. Ke2 Qh3 59. Kf2 Qh4+ 60.
Qg3 Qh6 61. Kg2 Qg6 62. Qf2 Nf6 63. Qe2 Nd5 64. Kf2 Kh7 65. Qe4 a4 66. Qxg6+
Kxg6 67. a3 Kf6 68. Bd2 Kg6 69. Kg3 Kf6 70. f4 gxf4+ 71. Bxf4 Kg6 72. Bd2 Kf6
73. Kf3 Ke6 74. Ke4 Nf6+ 75. Kf4 Nd5+ 76. Kg5 Nf6 77. Kh4 Ne4 78. Bc1 Nf2 79.
Bd2 Ne4 80. Be1 Kf6 81. Kh5 Kf7 82. Kh6 Ke6 83. g5 Nd6 84. Bc3 Nf5+ 85. Kh7 Ne7
86. g6 {Black resigns} 1-0

[Event "Team 45 45 League T76"]
[Site "Internet Chess Club"]
[Date "2018.04.25"]
[Round "5"]
[White "Megasus"]
[Black "cpic2363"]
[Result "1/2-1/2"]
[WhiteElo "1556"]
[BlackElo "1475"]
[Opening "Queen's pawn game"]
[ECO "D02"]
[Time "20:02:03"]
[TimeControl "2700+45"]

1. Nf3 d5 2. d4 e6 3. a3 Be7 4. e3 Nf6 5. b3 O-O 6. Nbd2 c5 7. Bb2 Nc6 8. h3 a6
9. c4 b6 10. Bd3 Bb7 11. Rg1 cxd4 12. exd4 Bd6 13. Qc2 Re8 14. Ne5 Bxe5 15. dxe5
Ne4 16. Nxe4 dxe4 17. Bxe4 Qg5 18. g3 Rad8 19. f4 Qe7 20. Bxh7+ Kh8 21. Be4 Qc5
22. Kf1 Nd4 23. Bxd4 Qxd4 24. Re1 Bxe4 25. Qxe4 Qxe4 26. Rxe4 Rd3 27. b4 Red8
28. c5 bxc5 29. bxc5 Rxa3 30. Kf2 Rc3 31. Re3 Rxc5 32. Ra1 a5 33. Ra4 Kh7 34. h4
Kg6 35. g4 Rd2+ 36. Re2 Rd3 37. Re3 Rd1 38. Re1 Rd3 39. Re3 Rd2+ 40. Re2 Rd1 41.
Re1 Rd2+ {Game drawn by mutual agreement} 1/2-1/2

[Event "Team 45 45 League T76"]
[Site "Internet Chess Club"]
[Date "2018.04.20"]
[Round "5"]
[White "misuc56"]
[Black "PolishRyszard"]
[Result "0-1"]
[WhiteElo "1509"]
[BlackElo "1808"]
[Opening "Modern defense"]
[ECO "A40"]
[Time "15:11:06"]
[TimeControl "2700+45"]

1. d4 g6 2. c4 Bg7 3. Nc3 d6 4. e3 Nd7 5. Bd2 e5 6. d5 Ngf6 7. a3 O-O 8. Bd3 Qe7
9. Bc2 Nb6 10. b3 e4 11. Rb1 c6 12. dxc6 bxc6 13. Nge2 Re8 14. O-O Bb7 15. a4
Rad8 16. Qc1 d5 17. a5 Nbd7 18. cxd5 cxd5 19. Nd4 Rc8 20. Qb2 Ne5 21. Na2 Ba6
22. Rbc1 Bxf1 23. Rxf1 Qb7 24. b4 Nc4 25. Qc1 Ng4 26. h3 Nge5 27. Be1 Nd3 28.
Bxd3 exd3 29. Qd1 Bxd4 30. exd4 Nb2 31. Qb3 Rxe1 32. Rxe1 d2 33. Rf1 Qb5 34. Ra1
Qe2 35. Nc3 Qe1+ 36. Rxe1 dxe1=Q+ 37. Kh2 Qxc3 38. Qxd5 Qc7+ 39. g3 a6 40. h4
Nd3 41. Qf3 Nxf2 42. Qxf2 Qc2 43. Kg2 Qxf2+ 44. Kxf2 Rb8 45. Ke3 Rxb4 46. Ke4
Kf8 47. g4 Rb5 48. d5 Ke7 49. Ke5 Rxa5 50. g5 Rb5 {White resigns} 0-1

[Event "Team 45 45 League T76"]
[Site "Internet Chess Club"]
[Date "2018.04.23"]
[Round "5"]
[White "cadmiumorange"]
[Black "mambo99"]
[Result "1-0"]
[WhiteElo "1819"]
[BlackElo "1453"]
[Opening "Scandinavian defense"]
[ECO "B01"]
[Time "09:03:38"]
[TimeControl "2700+45"]

1. e4 d5 2. exd5 Nf6 3. d4 Bg4 4. f3 Bf5 5. g4 Bc8 6. c4 e6 7. dxe6 Bb4+ 8. Nc3
O-O 9. g5 Nh5 10. f4 g6 11. Be2 Ng7 12. exf7+ Rxf7 13. Nf3 Re7 14. Ne5 Nd7 15.
Kf2 Nxe5 16. dxe5 Qf8 17. Nd5 Rxe5 18. Nf6+ Kh8 19. fxe5 Qc5+ 20. Be3 Qe7 21.
Qd5 Bh3 22. Qxb7 Rf8 23. Qf3 Bf5 24. Rad1 Qxe5 25. Bd4 Qe6 26. a3 Be7 27. Qd5
Qa6 28. Kg2 Ne6 29. Nd7+ Nxd4 30. Qxd4+ Kg8 31. Nxf8 Qc6+ 32. Qd5+ Qxd5+ 33.
cxd5 Kxf8 34. Rhf1 Bxg5 35. Bg4 {Black resigns} 1-0

[Event "Team 45 45 League T76"]
[Site "Internet Chess Club"]
[Date "2018.04.22"]
[Round "5"]
[White "chesskid168"]
[Black "zethhon"]
[Result "0-1"]
[WhiteElo "1435"]
[BlackElo "1337"]
[Opening "Sicilian: Kan variation"]
[ECO "B41"]
[Time "00:15:52"]
[TimeControl "2700+45"]

1. e4 c5 2. Nf3 e6 3. d4 cxd4 4. Nxd4 a6 5. Be2 b5 6. O-O Bb7 7. Bf3 d6 8. Be3
Qc7 9. Nd2 Nf6 10. Ne2 Be7 11. Ng3 O-O 12. Bg5 h6 13. Bxf6 Bxf6 14. Re1 Bxb2 15.
Rb1 Bd4 16. Nb3 Bb6 17. Qd2 Nc6 18. Rbd1 Rfd8 19. Qc1 Rac8 20. Bh5 Nb4 21. Qb2
Qxc2 22. Qxc2 Rxc2 23. e5 Bxf2+ 24. Kf1 Bxe1 25. Kxe1 Rxg2 26. exd6 Rg1+ 27. Nf1
Bg2 28. Be2 Bd5 29. Kf2 Rg5 30. Ne3 Rxd6 31. Bf3 Rc6 32. a3 Bxf3 33. Kxf3 Nd5
34. h4 Re5 35. Ng4 Rc3+ 36. Kg2 Nf4+ 37. Kh1 Re2 38. Nd4 Rh3+ 39. Kg1 Rg2+ 40.
Kf1 Rh1# {White checkmated} 0-1

[Event "Team 45 45 League T76"]
[Site "Internet Chess Club"]
[Date "2018.04.20"]
[Round "5"]
[White "herrahuu"]
[Black "ChessMaine"]
[Result "0-1"]
[WhiteElo "1446"]
[BlackElo "1500"]
[Opening "French: King's Indian attack"]
[ECO "C00"]
[Time "06:00:59"]
[TimeControl "2700+45"]

1. e4 e6 2. d3 d5 3. Nd2 dxe4 4. dxe4 Bd7 5. f4 Bc6 6. Ngf3 Nf6 7. Bd3 Bc5 8. h3
Na6 9. Qe2 Nb4 10. Nf1 Nxd3+ 11. cxd3 Bb5 12. Ne5 Qd4 13. Be3 Bb4+ 14. Nd2 Qxb2
15. O-O Bxd2 16. Bxd2 Rd8 17. Rab1 Qd4+ 18. Be3 Bxd3 19. Bxd4 Bxe2 20. Rfe1 Rxd4
21. Rxe2 b6 22. Nc6 Ra4 23. Rd1 O-O 24. e5 Nd5 25. g3 Nc3 26. Red2 Nxd1 27. Rxd1
Rxa2 28. Rd7 a5 29. Rxc7 Kh8 30. Nd4 Rd8 31. Rb7 h6 32. Kf1 Rxd4 33. Ke1 Rb4 34.
Rb8+ Kh7 35. Rd8 Rb1+ 36. Rd1 Rxd1+ 37. Kxd1 Rh2 38. h4 a4 39. Kc1 b5 40. g4 a3
41. Kb1 b4 42. f5 b3 43. Kc1 a2 44. fxe6 a1=Q# {White checkmated} 0-1

[Event "Team 45 45 League T76"]
[Site "Internet Chess Club"]
[Date "2018.04.20"]
[Round "5"]
[White "krysto"]
[Black "Ajolote"]
[Result "0-1"]
[WhiteElo "1558"]
[BlackElo "1814"]
[Opening "Nimzo-Indian: 4.e3, main line with 8...Bxc3"]
[ECO "E58"]
[Time "19:05:45"]
[TimeControl "2700+45"]

1. d4 Nf6 2. c4 e6 3. Nc3 Bb4 4. e3 d5 5. Bd3 O-O 6. Nf3 c5 7. O-O Nc6 8. a3
Bxc3 9. bxc3 b6 10. cxd5 exd5 11. c4 Bg4 12. cxd5 Qxd5 13. Be2 cxd4 14. Nxd4
Bxe2 15. Nxe2 Qe5 16. Rb1 Rfd8 17. Qa4 Rac8 18. Bb2 Qe4 19. Qxe4 Nxe4 20. Rfd1
Na5 21. Rxd8+ Rxd8 22. f3 Nc5 23. Bc3 Nc4 24. Bb4 Nxe3 25. Bxc5 bxc5 26. Rb7 g5
27. Rxa7 Rd2 28. Kf2 Nxg2 29. Kxg2 Rxe2+ 30. Kg3 Ra2 31. Rc7 Rxa3 32. Rxc5 h6
33. h4 gxh4+ 34. Kxh4 Rxf3 {White resigns} 0-1

[Event "Team 45 45 League T76"]
[Site "Internet Chess Club"]
[Date "2018.04.20"]
[Round "5"]
[White "Insan996"]
[Black "scostanzo212"]
[Result "0-1"]
[WhiteElo "1649"]
[BlackElo "1529"]
[Opening "QGD Slav: exchange variation"]
[ECO "D13"]
[Time "21:04:24"]
[TimeControl "2700+45"]

1. d4 d5 2. c4 c6 3. cxd5 cxd5 4. Nf3 Nf6 5. Nc3 Nc6 6. Bf4 a6 7. Ne5 Qb6 8.
Nxc6 bxc6 9. Qd2 e6 10. a3 Nh5 11. Be5 f6 12. Bg3 Nxg3 13. hxg3 Qb3 14. e3 Rb8
15. Rb1 e5 16. Bd3 e4 17. Bc2 Qb7 18. b4 Bg4 19. Bd1 Bxd1 20. Qxd1 f5 21. Qe2 g6
22. O-O h5 23. Na4 Qb5 24. Qc2 h4 25. gxh4 Rxh4 26. Nc5 Bd6 27. g3 Rh6 28. Nb3
Kd7 29. Rfc1 Rbh8 30. Nc5+ Bxc5 31. g4 Rh1+ 32. Kg2 R8h2+ 33. Kg3 Bd6+ 34. f4
exf3+ 35. Kxf3 Rxc2 36. Rxc2 Rxb1 {White resigns} 0-1

[Event "Team 45 45 League T76"]
[Site "Internet Chess Club"]
[Date "2018.04.22"]
[Round "5"]
[White "Pawnchain"]
[Black "JPSVI"]
[Result "0-1"]
[WhiteElo "1369"]
[BlackElo "1352"]
[Opening "French: Tarrasch"]
[ECO "C03"]
[Time "17:01:13"]
[TimeControl "2700+45"]

1. e4 e6 2. d4 d5 3. Nd2 dxe4 4. Nxe4 Bd7 5. Bd3 Bc6 6. Nf3 Nd7 7. c3 h6 8. Bf4
g5 9. Be5 f6 10. Bg3 f5 {White resigns} 0-1

[Event "Team 45 45 League T76"]
[Site "Internet Chess Club"]
[Date "2018.04.22"]
[Round "5"]
[White "nidusin2"]
[Black "Arthurhon"]
[Result "1-0"]
[WhiteElo "1530"]
[BlackElo "1386"]
[Opening "Queen's pawn: London system"]
[ECO "A45"]
[Time "08:09:08"]
[TimeControl "2700+45"]

1. d4 Nf6 2. Bf4 d5 3. e3 Bf5 4. c3 e6 5. Nd2 Be7 6. Qb3 b6 7. Ngf3 O-O 8. h3
Nbd7 9. Nh4 Bg6 10. Nxg6 hxg6 11. Bd3 c5 12. Be2 c4 13. Qc2 Nh5 14. Bh2 Nhf6 15.
e4 Nh7 16. O-O Rc8 17. exd5 exd5 18. Nf3 Nhf6 19. Qa4 a5 20. Ne5 Bd6 21. Rad1
Qe7 22. f4 Bc7 23. Nxd7 Nxd7 24. Bg4 Rcd8 25. Rde1 Qd6 26. Re3 Nf6 27. Bf3 Rfe8
28. Rfe1 Rxe3 29. Rxe3 Nh5 30. Bxh5 gxh5 31. Re5 Qf6 32. Re8+ Rxe8 33. Qxe8+ Kh7
34. Qe3 Kg6 35. f5+ Qxf5 36. Bxc7 Qf6 37. Qg3+ Kh7 38. Be5 Qg6 39. Qxg6+ fxg6
40. Bc7 b5 41. Bxa5 Kh6 42. Kf2 Kg5 43. Kf3 Kf5 44. g4+ hxg4+ 45. hxg4+ Kf6 46.
Bd8+ Ke6 47. Kf4 Kd7 48. Bh4 Ke6 49. Kg5 Kf7 50. Bg3 Kg8 51. Kxg6 Kf8 52. Be5
Ke7 53. Kxg7 Ke6 54. Kh7 Kf7 55. g5 b4 56. g6+ Ke6 57. cxb4 c3 58. bxc3 Kf5 59.
g7 Kg5 60. g8=Q+ Kh5 61. Bf4 Kh4 62. Qg3+ Kh5 63. Qg5# {Black checkmated} 1-0

[Event "Team 45 45 League T76"]
[Site "Internet Chess Club"]
[Date "2018.04.21"]
[Round "5"]
[White "texasnurse"]
[Black "primerpaso"]
[Result "1-0"]
[WhiteElo "2131"]
[BlackElo "1887"]
[Opening "Sicilian: closed"]
[ECO "B24"]
[Time "17:07:02"]
[TimeControl "2700+45"]

1. e4 c5 2. Nc3 Nc6 3. g3 g6 4. d3 Bg7 5. Bg2 e6 6. Be3 b6 7. Qd2 Bb7 8. Nf3 Nd4
9. Bxd4 cxd4 10. Nb5 d5 11. Qf4 Qe7 12. Nd6+ Kf8 13. e5 Bc6 14. O-O f6 15. Rae1
Bh6 16. exf6 Bxf4 17. fxe7+ Kxe7 18. Nxd4 Bxd6 19. Nxc6+ Kf6 20. Re2 Nh6 21.
Rfe1 {Black resigns} 1-0

[Event "Team 45 45 League T76"]
[Site "Internet Chess Club"]
[Date "2018.04.18"]
[Round "5"]
[White "justice02"]
[Black "ANGELLR"]
[Result "0-1"]
[WhiteElo "1727"]
[BlackElo "1874"]
[Opening "French: advance, Milner-Barry gambit"]
[ECO "C02"]
[Time "20:00:23"]
[TimeControl "2700+45"]

1. e4 e6 2. d4 d5 3. e5 c5 4. c3 Nc6 5. Nf3 Qb6 6. Bd3 cxd4 7. cxd4 Bd7 8. Bc2
Nb4 9. Bb3 Bb5 10. Nc3 Nd3+ 11. Kd2 Bb4 12. Ke3 Bxc3 13. bxc3 Nh6 14. Ne1 Nxe5
15. h3 Nf5+ 16. Kf4 Ng6+ 17. Kg5 Qd8+ 18. Kg4 Qh4+ 19. Kf3 Qe4# {White
checkmated} 0-1

[Event "Team 45 45 League T76"]
[Site "Internet Chess Club"]
[Date "2018.04.21"]
[Round "5"]
[White "searchforbobby1"]
[Black "The7thGuest"]
[Result "1-0"]
[WhiteElo "2049"]
[BlackElo "1823"]
[Opening "King's Indian: Makagonov system (5.h3)"]
[ECO "E71"]
[Time "12:30:39"]
[TimeControl "2700+45"]

1. e4 g6 2. d4 Bg7 3. c4 d6 4. Nc3 Nf6 5. h3 O-O 6. Be3 e5 7. d5 Na6 8. g4 Nc5
9. Qc2 a5 10. Nge2 c6 11. Ng3 Qc7 12. Be2 Bd7 13. O-O cxd5 14. cxd5 Rfb8 15. a4
Na6 16. Rac1 Nb4 17. Qd2 Qd8 18. Bb5 Rc8 19. Bxd7 Nxd7 20. Nb5 Nc5 21. Bxc5 dxc5
22. Rc4 Qh4 23. Kg2 Bh6 24. Qe2 b6 25. Rd1 Rf8 26. Qf3 Bf4 27. Ne2 f5 28. exf5
gxf5 29. Nxf4 fxg4 30. Qxg4+ Qxg4+ 31. hxg4 exf4 32. Kf3 Rad8 33. d6 Nc6 34.
Rxf4 Nd4+ 35. Nxd4 Rxd6 36. Rxf8+ Kxf8 37. Ke4 cxd4 38. Rxd4 Re6+ 39. Kf3 Rc6
40. Rd3 Kf7 41. Kg3 Kg6 42. Rb3 h5 43. f3 hxg4 44. fxg4 Rd6 45. Kh4 Rc6 46. Rb5
Rd6 47. b3 Rc6 48. Kg3 Rf6 49. Kg2 Rc6 50. Kf3 Re6 51. Kf4 Rc6 52. Ke4 Rf6 53.
g5 Re6+ 54. Kd5 Kf5 55. Kd4+ Kf4 56. Rd5 Rc6 57. Kd3 Rg6 58. Kc4 Ke4 59. Rd4+
Ke5 60. Rg4 Kd6 61. Kd4 Ke6 62. Ke4 Kf7 63. Kf5 Rc6 64. Rc4 Rd6 65. Rc7+ Kg8 66.
Rb7 Rc6 67. Kg4 Rd6 68. Kh5 Rc6 69. g6 Rc3 70. Rxb6 Kg7 71. Rb7+ Kg8 72. Kh6
Rh3+ 73. Kg5 Rf3 74. Kg4 Rc3 75. Kf4 Rc6 76. g7 Rc3 77. Ke5 Rd3 78. Ke4 Rh3 79.
Kd5 Rh5+ 80. Kc6 Rh6+ 81. Kb5 Rh5+ 82. Ka6 Rc5 83. Rb5 {Black resigns} 1-0

[Event "Team 45 45 League T76"]
[Site "Internet Chess Club"]
[Date "2018.04.25"]
[Round "5"]
[White "Sloggi"]
[Black "SlimeDog2"]
[Result "1-0"]
[WhiteElo "1895"]
[BlackElo "2025"]
[Opening "Trompowsky attack (Ruth, Opocenský opening)"]
[ECO "A45"]
[Time "23:46:28"]
[TimeControl "2700+45"]

1. d4 Nf6 2. Bg5 d5 3. Bxf6 gxf6 4. e3 c5 5. c4 cxd4 6. exd4 Nc6 7. Nf3 Bg4 8.
Be2 e6 9. O-O Rg8 10. Kh1 dxc4 11. Qa4 Rc8 12. Nc3 Qd7 13. Rad1 a6 14. d5 Nb4
15. Qxd7+ Kxd7 16. dxe6+ Kxe6 17. Rfe1 Kf5 18. Nd4+ Kg5 19. Ne4+ Kf4 20. g3+ Ke5
21. f4+ {Black resigns} 1-0

[Event "Team 45 45 League T76"]
[Site "Internet Chess Club"]
[Date "2018.04.22"]
[Round "5"]
[White "ArturitoGalacti"]
[Black "charles-allen"]
[Result "0-1"]
[WhiteElo "1893"]
[BlackElo "1848"]
[Opening "English opening"]
[ECO "A13"]
[Time "20:01:18"]
[TimeControl "2700+45"]

1. c4 e6 2. g3 f5 3. Bg2 Nf6 4. Nf3 Be7 5. d3 O-O 6. O-O Nc6 7. d4 d5 8. b3 Ne4
9. Bb2 Qe8 10. Nfd2 Bf6 11. Nxe4 fxe4 12. f3 exf3 13. Bxf3 dxc4 14. bxc4 e5 15.
Bxc6 Qxc6 16. dxe5 Bh3 17. Rf2 Rad8 18. Qb3 Qb6 19. Na3 Be7 20. Qxb6 axb6 21.
Rxf8+ Bxf8 22. Nb5 Bc5+ 23. Kh1 Rd2 24. Bc3 Rxe2 25. Bd4 Bxd4 26. Nxd4 Rxe5 27.
Nf3 Rc5 28. Rd1 h6 29. Rd4 b5 30. Nd2 bxc4 31. Nxc4 Be6 32. Rd8+ Kh7 33. Ne3
Bxa2 34. Kg2 b5 35. Rb8 c6 36. Kf3 Bd5+ 37. Ke2 Kg6 38. Kd3 Bc4+ 39. Kd4 Rh5 40.
Nxc4 bxc4 41. Rb2 Rf5 42. Kxc4 Kh5 43. g4+ Kxg4 44. Rg2+ Kh3 45. Rxg7 Kxh2 46.
Rg6 h5 47. Rxc6 h4 48. Rh6 h3 49. Kd4 Rg5 50. Ra6 Kg3 51. Ra3+ Kh4 52. Ra1 h2
53. Ke3 Rg1 54. Ra4+ Kg3 {White resigns} 0-1

[Event "Team 45 45 League T76"]
[Site "Internet Chess Club"]
[Date "2018.04.18"]
[Round "5"]
[White "tightfist"]
[Black "cysk"]
[Result "0-1"]
[WhiteElo "1435"]
[BlackElo "1762"]
[Opening "Réti v Dutch"]
[ECO "A04"]
[Time "22:25:27"]
[TimeControl "2700+45"]

1. Nf3 f5 2. b3 d6 3. d4 g6 4. Bb2 Bg7 5. Nc3 Nf6 6. e3 Nc6 7. Bb5 e6 8. Rb1 Bd7
9. O-O Qe7 10. Re1 O-O-O 11. e4 fxe4 12. Nxe4 a6 13. Bxc6 Bxc6 14. Nxf6 Bxf6 15.
d5 Bxd5 16. Qxd5 exd5 17. Rxe7 Bxe7 18. Bxh8 Rxh8 19. Rd1 c6 20. Re1 Kd7 21. Nd4
Bf6 22. Nf3 Re8 23. Rd1 b5 24. Kf1 Bc3 25. Nd4 Bxd4 26. Rxd4 Re4 27. Rd3 a5 28.
g3 a4 29. f3 Re8 30. bxa4 bxa4 31. Kf2 Rb8 32. Ra3 Rb2 33. Rxa4 Rxc2+ 34. Kg1 c5
35. Ra7+ Ke6 36. a4 d4 37. a5 h5 38. a6 d3 39. Rg7 d2 40. Rxg6+ Kd7 41. Kg2
d1=Q+ 42. Kh3 Qf1+ 43. Kh4 Rxh2+ 44. Kg5 Qxa6 45. Rg7+ Kc6 46. f4 Qe2 47. f5
Qg4+ 48. Kf6 Qxg7+ 49. Kxg7 Rh3 50. Kg6 Rxg3+ 51. Kxh5 Rf3 52. Kg6 c4 53. f6 c3
54. f7 c2 55. Kg7 Rxf7+ 56. Kxf7 c1=Q {White resigns} 0-1

[Event "Team 45 45 League T76"]
[Site "Internet Chess Club"]
[Date "2018.04.23"]
[Round "5"]
[White "SlimeDog2"]
[Black "jorobo"]
[Result "1-0"]
[WhiteElo "2048"]
[BlackElo "1935"]
[Opening "Nimzo-Indian: 4.e3 O-O, 5.Bd3 d5"]
[ECO "E48"]
[Time "23:04:38"]
[TimeControl "2700+45"]

1. d4 Nf6 2. c4 e6 3. Nc3 Bb4 4. e3 O-O 5. Bd3 d5 6. cxd5 exd5 7. Ne2 Re8 8. Bd2
b6 9. Rc1 Bb7 10. a3 Bf8 11. O-O Nbd7 12. f3 c5 13. Qe1 g6 14. Qf2 a6 15. Nf4
Bg7 16. g4 Nf8 17. dxc5 bxc5 18. Na4 c4 19. Bc2 N6d7 20. Bc3 Ne6 21. Rfd1 Bxc3
22. Nxe6 fxe6 23. Nxc3 Ne5 24. Qg3 Qf6 25. f4 Nc6 26. e4 d4 27. e5 Qf8 28. Ne4
d3 29. Nf6+ Kh8 30. Ba4 Nd4 31. Qh3 Re7 32. Rxc4 Nf3+ 33. Kf2 Rc8 34. Rb4 Rc2+
35. Bxc2 dxc2 36. Rc1 Qd8 37. Kg3 Qd2 38. Qh6 {Black forfeits on time} 1-0

[Event "Team 45 45 League T76"]
[Site "Internet Chess Club"]
[Date "2018.04.22"]
[Round "5"]
[White "misuc56"]
[Black "backrankbrawler"]
[Result "0-1"]
[WhiteElo "1495"]
[BlackElo "1722"]
[Opening "QGD: 3...Nf6"]
[ECO "D35"]
[Time "22:01:24"]
[TimeControl "2700+45"]

1. d4 Nf6 2. c4 e6 3. Nc3 d5 4. e3 c6 5. Bd2 Bd6 6. c5 Bc7 7. f4 Nbd7 8. Nf3 O-O
9. Bd3 b6 10. b4 a5 11. a3 Ba6 12. Bxa6 Rxa6 13. O-O Qa8 14. b5 cxb5 15. Nxb5
Qc6 16. Nxc7 Qxc7 17. cxb6 Nxb6 18. Ne5 Nc4 19. Bc1 Nxe5 20. fxe5 Ne4 21. Bd2
Qc4 22. Be1 Rc8 23. h3 h6 24. Rb1 Ra7 25. Qb3 Qxb3 26. Rxb3 Rc1 27. Rb5 Ra1 28.
Rxa5 Rxa5 29. Bxa5 Rxa3 30. Bb4 Rxe3 31. Re1 Rd3 32. Bc5 Nxc5 33. dxc5 Rc3 34.
Kf2 Rxc5 35. Rd1 Kf8 36. Rb1 Ke7 37. Rb7+ Ke8 38. Rb8+ Kd7 39. Rf8 Ke7 40. Rg8
g6 41. Rh8 h5 42. Rb8 Rc7 43. Rb4 f6 44. exf6+ Kxf6 45. Rf4+ Ke5 46. Rf8 d4 47.
Ke2 Rc2+ 48. Kf3 d3 49. Ke3 d2 50. Ke2 d1=Q+ 51. Kxd1 Rxg2 52. Rf3 g5 53. Ke1
Ke4 54. Rf6 e5 55. Rh6 h4 56. Kf1 Rh2 57. Rg6 Kf5 58. Rg8 Rxh3 59. Kg2 Rg3+ 60.
Kf2 e4 61. Rf8+ Kg4 62. Re8 e3+ 63. Kf1 h3 64. Rh8 Rg2 65. Re8 e2+ 66. Ke1 h2
67. Rh8 Rg1+ {White resigns} 0-1

[Event "Team 45 45 League T76"]
[Site "Internet Chess Club"]
[Date "2018.04.19"]
[Round "5"]
[White "kaiclc"]
[Black "justice02"]
[Result "1/2-1/2"]
[WhiteElo "1296"]
[BlackElo "1713"]
[Opening "French: classical, Steinitz variation"]
[ECO "C14"]
[Time "19:04:20"]
[TimeControl "2700+45"]

1. e4 e6 2. d4 d5 3. Nc3 Nf6 4. Bg5 Be7 5. e5 Nfd7 6. Bxe7 Qxe7 7. f4 a6 8. Nf3
h6 9. Bd3 c5 10. h4 c4 11. Be2 Nc6 12. Qd2 b5 13. a3 Rb8 14. f5 b4 15. axb4 Rxb4
16. O-O Rxb2 17. Rab1 Rb6 18. Qf4 Rxb1 19. Rxb1 Qa3 20. Qe3 Qf8 21. Rf1 Qe7 22.
Nh2 Qxh4 23. Ng4 h5 24. g3 Qe7 25. f6 gxf6 26. Nxf6+ Nxf6 27. Rxf6 Qa7 28. Rf4
Ne7 29. Bf3 Nf5 30. Rxf5 exf5 31. Bxd5 Be6 32. Bc6+ Kf8 33. Ne2 Qb6 34. Bf3 Qb1+
35. Kf2 Qxc2 36. d5 Bc8 37. Qc5+ Kg7 38. Qe7 Qd3 39. Qf6+ Kg8 40. Qg5+ Kf8 41.
Qd8+ Kg7 42. Qf6+ Kg8 43. Qg5+ Kf8 44. Qd8+ {Game drawn by mutual agreement}
1/2-1/2

[Event "Team 45 45 League T76"]
[Site "Internet Chess Club"]
[Date "2018.04.22"]
[Round "5"]
[White "fishhead"]
[Black "cool64chess"]
[Result "1-0"]
[WhiteElo "1598"]
[BlackElo "1922"]
[Opening "French: Tarrasch"]
[ECO "C03"]
[Time "13:30:39"]
[TimeControl "2700+45"]

1. e4 e6 2. d4 d5 3. Nd2 Be7 4. e5 c5 5. c3 Nh6 6. Bd3 Nc6 7. Ne2 Nf5 8. Nf3 c4
9. Bc2 b5 10. g3 a5 11. h4 h5 12. Nf4 g6 13. Nh3 b4 14. Bg5 Bd7 15. O-O Qb6 16.
Bxe7 Ncxe7 17. Qd2 O-O-O 18. b3 bxc3 19. Qxc3 Qb4 20. Qxb4 axb4 21. Rfc1 Bc6 22.
Nhg5 Rhf8 23. Bd1 cxb3 24. Bxb3 Kb7 25. Rab1 Rb8 26. Rc5 Bd7 27. Ba4 Nc6 28.
Bxc6+ Bxc6 29. Rxb4+ Kc7 30. Rxb8 Rxb8 31. Nxf7 Rb1+ 32. Kg2 Rd1 33. N7g5 Kb6
34. Nxe6 Bd7 35. Nf4 Nxd4 36. Rc3 Nf5 37. Rd3 Ra1 38. Nxd5+ Kc5 39. Nf4 Bc6 40.
Rc3+ Kb5 41. a4+ Rxa4 42. Kf1 Be4 43. Nd2 Bc6 44. Nxg6 Ra2 45. Ke2 Kb6 46. Kd3
Bb5+ 47. Ke4 Nh6 48. Nc4+ Kc7 49. Nd6+ Bc6+ 50. Kf4 Ng4 51. f3 Nh2 52. Ne7
{Black resigns} 1-0

[Event "Team 45 45 League T76"]
[Site "Internet Chess Club"]
[Date "2018.04.22"]
[Round "5"]
[White "A4-H5"]
[Black "LinceHispano44"]
[Result "1-0"]
[WhiteElo "1787"]
[BlackElo "1673"]
[Opening "QGD: 4.Nf3"]
[ECO "D37"]
[Time "15:06:10"]
[TimeControl "2700+45"]

1. c4 e6 2. Nc3 d5 3. d4 Nf6 4. Nf3 Be7 5. g4 c5 6. g5 Ne4 7. h4 cxd4 8. Nxe4
dxe4 9. Nxd4 Bc5 10. e3 e5 11. Nb5 Qxd1+ 12. Kxd1 Na6 13. a3 O-O 14. b4 Bb6 15.
Bb2 f6 16. c5 Bd8 17. Bc4+ Kh8 18. Nd6 Bg4+ 19. Kc2 Nc7 20. Nf7+ Rxf7 21. Bxf7
Bf3 22. Rhg1 g6 23. Bc4 Ne8 24. gxf6 Bxf6 25. Rg5 Kg7 26. Rxe5 Bxe5 27. Bxe5+
Kf8 28. Bd5 Ke7 29. Bxb7 Rd8 30. c6 Nd6 31. c7 Nxb7 32. cxd8=B+ Nxd8 33. b5 Ke6
34. Bd4 Nb7 35. Bxa7 Kd5 36. Kc3 Nd6 37. b6 Kc6 38. a4 Kb7 39. Kb4 Nc8 40. Rc1
Nxa7 41. bxa7 Kxa7 42. Rc7+ {Black resigns} 1-0

[Event "Team 45 45 League T76"]
[Site "Internet Chess Club"]
[Date "2018.04.22"]
[Round "5"]
[White "Goli"]
[Black "kllrchris"]
[Result "1-0"]
[WhiteElo "1716"]
[BlackElo "1661"]
[Opening "Ruy Lopez: exchange variation"]
[ECO "C68"]
[Time "16:46:58"]
[TimeControl "2700+45"]

1. e4 e5 2. Nf3 Nc6 3. Bb5 a6 4. Bxc6 bxc6 5. O-O d6 6. h3 Nf6 7. Re1 Be7 8. d4
exd4 9. Nxd4 Bb7 10. Nf5 O-O 11. Nxe7+ Qxe7 12. Nc3 Rad8 13. Bg5 h6 14. Bh4 g5
15. Bg3 Rfe8 16. f4 d5 17. e5 Ne4 18. Nxe4 dxe4 19. Qh5 Kg7 20. f5 Qc5+ 21. Kh1
e3 22. f6+ {Black resigns} 1-0

[Event "Team 45 45 League T76"]
[Site "Internet Chess Club"]
[Date "2018.04.21"]
[Round "5"]
[White "rubo"]
[Black "noblitz-oblige"]
[Result "0-1"]
[WhiteElo "1588"]
[BlackElo "1549"]
[Opening "Queen's pawn: London system"]
[ECO "A45"]
[Time "23:01:09"]
[TimeControl "2700+45"]

1. d4 Nf6 2. Bf4 e6 3. e3 Nc6 4. Nf3 Be7 5. Nbd2 Nh5 6. Bg3 Nxg3 7. hxg3 d6 8.
Bd3 h6 9. c3 b6 10. e4 O-O 11. Qc2 a5 12. O-O-O Ba6 13. Bxa6 Rxa6 14. Qa4 b5 15.
Qxb5 Rb6 16. Qa4 d5 17. exd5 Qxd5 18. Qc4 Qd7 19. Ne4 Rfb8 20. b3 Qc8 21. Ne5
Nxe5 22. dxe5 Qb7 23. f3 Rc6 24. Qa4 Qa6 25. c4 Rb4 26. Nc5 Bxc5 27. Rd8+ Kh7
28. Qa3 Rxc4+ 29. bxc4 Bxa3+ 30. Kd2 Qxc4 31. Rd3 Qxa2+ 32. Ke3 Qd5 33. Rxd5
exd5 34. Kd3 Re6 35. f4 c5 36. Ra1 Bb4 37. g4 Rg6 38. f5 Rxg4 39. Ra2 Rg3+ 40.
Kc2 Rxg2+ 41. Kb3 c4+ 42. Ka4 Rxa2+ 43. Kb5 Re2 44. e6 fxe6 45. fxe6 Rxe6 46.
Ka4 d4 47. Kb5 d3 48. Kxc4 d2 49. Kd5 Rd6+ 50. Kc4 d1=Q 51. Kb5 Qd3+ 52. Ka4
Qc2+ 53. Kb5 Qc6# {White checkmated} 0-1